 Dungeon Crawl Stone Soup version 0.31-a0-229-g1fc7ce93e2 (webtiles) character file.

Game seed: 18398291824072783789

396 qw the Shooter (level 6, -1/53 HPs)
             Began as a Minotaur Hexslinger on July 6, 2023.
             Was an Initiate of Okawaru.
             Succumbed to an orc wizard's poison
             ... on level 5 of the Dungeon.
             The game lasted 00:01:10 (3260 turns).

qw the Shooter (Minotaur Hexslinger)                Turns: 3260, Time: 00:01:11

Health: -1/53      AC:  7    Str: 19    XL:     6   Next: 52%
Magic:  6/6        EV: 11    Int: 10    God:    Okawaru [......]
Gold:   235        SH:  0    Dex: 14    Spells: 6/7 levels left

rFire   . . .        Y - +2 sling (flame)
rCold   + . .        (no shield)
rNeg    . . .        p - +1 ring mail {Will+}
rPois   .            (helmet restricted)
rElec   .            b - +0 cloak
rCorr   .            (no gloves)
SInv    .            (no boots)
Will    +....        k - amulet of regeneration
Stlth   +            l - +6 ring of strength
HPRegen 1.08/turn    o - ring of protection from cold
MPRegen 0.10/turn

%: no passive effects
@: lethally poisoned (-1 -> -4)
A: horns 2, retaliatory headbutt
a: Renounce Religion


You were on level 5 of the Dungeon.
You worshipped Okawaru.
Okawaru was noncommittal.
You visited 2 branches of the dungeon, and saw 6 of its levels.

You collected 235 gold pieces.


Innate Abilities, Weirdness & Mutations

You have a pair of horns on your head.
You reflexively headbutt those who attack you in melee.


   Skills:
 - Level 4.3 Fighting
 + Level 6.2 Ranged Weapons
 - Level 2.2 Armour
 - Level 2.1 Dodging
 - Level 1.0 Spellcasting
 - Level 2.0 Hexes


You had 6 spell levels left.
You knew the following spells:

 Your Spells              Type           Power      Damage    Failure   Level
a - Slow                  Hex            16%        N/A       26%         1

Your spell library contained the following spells:

 Spells                   Type           Power      Damage    Failure   Level
 Inner Flame              Hex/Fire       2%         N/A       75%         3
 Portal Projectile        Hex/Tloc       4%         N/A       75%         3
 Cause Fear               Hex            2%         N/A       94%         4

Inventory:

Hand Weapons
 Y - a +2 sling of flaming (weapon)
Armour
 b - a +0 cloak (worn)
 p - a +1 ring mail of willpower (worn)
Jewellery
 k - an amulet of regeneration (around neck)
 l - a +6 ring of strength (left hand)
 o - a ring of protection from cold (right hand)
Scrolls
 d - a scroll of identify
 e - a scroll of teleportation
 i - a scroll of blinking {unknown}
Potions
 a - a potion of lignification {unknown}
 c - 3 potions of curing
 f - a potion of enlightenment {unknown}
 g - a potion of heal wounds {unknown}
 h - a potion of degeneration {unknown}
 m - a potion of ambrosia {unknown}
 n - a potion of haste

Dungeon Overview and Level Annotations

Branches:
Dungeon (5/15)             Temple (1/1) D:4

Altars:
Ashenzari
Cheibriados
Dithmenos
Elyvilon
Fedhas
Gozag
Hepliaklqana
Kikubaaqudgha
Makhleb
Nemelex Xobeh
Okawaru
Qazlal
Ru
Sif Muna
Trog
Uskayaw
Wu Jian
Xom
Yredelemnul
Zin
The Shining One


Message History

You are more poisoned.
The scorpion stings you.
The orc wizard hits you with a +2 dagger of venom.
You shoot a sling bullet.
The sling bullet barely misses the scorpion.
You feel very sick. The scorpion closely misses you. You furiously retaliate!
You headbutt the scorpion!
You kill the scorpion!
Okawaru accepts your kill.
The orc wizard hits you with a +2 dagger of venom.
Your Fighting skill increases to level 4!
You shoot a sling bullet.
The sling bullet hits the orc wizard but does no damage.
You feel very sick. The orc wizard misses you.
You shoot a sling bullet.
The sling bullet closely misses the orc wizard.
You feel very sick.
The orc wizard hits you with a +2 dagger of venom.
3257 ||| READING 2 scrolls of teleportation.
As you read the scroll of teleportation, it crumbles to dust.
You feel strangely unstable.
You feel sick.
The orc wizard gestures at you while chanting.
The puff of flame hits you.
You shoot a sling bullet.
The sling bullet closely misses the orc wizard.
You feel sick.
The orc wizard hits you with a +2 dagger of venom.
You are lethally poisoned!
You shoot a sling bullet. The sling bullet hits the orc wizard.
The sling bullet burns the orc wizard.
The orc wizard is lightly wounded.
You feel very sick. The orc wizard barely misses you.
You shoot a sling bullet. The sling bullet misses the orc wizard.
Your surroundings suddenly seem different.
Found six items.
You die...

# .#
###.#
#...#
#@#
#..+
##...
.....
..#####
..#o?$#
..#$[?#
..#$Y!#


You could see an ice beast (asleep) and an orc (asleep).

Vanquished Creatures
  2 scorpions (D:5)
  A hound (D:4)
  An orc priest (D:5)
  An iguana (D:4)
  6 gnolls
  7 adders
  A worm (D:2)
  2 dart slugs
  8 orcs
  5 ball pythons
  4 endoplasms
  4 giant cockroaches
  6 goblins
  5 hobgoblins
  2 jackals (D:5)
  3 quokkas
  A bat (D:1)
  3 frilled lizards
  6 rats
68 creatures vanquished.

Notes
Turn   | Place    | Note
-------+----------+-------------------------------------------
     0 | D:1      | qw the Minotaur Hexslinger began the quest for the Orb.
     0 | D:1      | Reached XP level 1. HP: 16/16 MP: 1/1
     0 | D:1      | 0 ||| qw: Version: 0.3-a-46-gb1f654a
     0 | D:1      | 0 ||| qw: Game counter: 1269
     0 | D:1      | 0 ||| qw: Melee chars always use a shield: true
     0 | D:1      | 0 ||| qw: God list: Okawaru
     0 | D:1      | 0 ||| qw: Allow faded altars: false
     0 | D:1      | 0 ||| qw: Do Orc after clearing Dungeon:15 true
     0 | D:1      | 0 ||| qw: Do second Lair branch before Depths: true
     0 | D:1      | 0 ||| qw: Lair rune preference: random
     0 | D:1      | 0 ||| qw: Goals: Normal
     0 | D:1      | 0 ||| PLANNING D:1-11
   239 | D:1      | Found a faded altar of an unknown god.
   302 | D:1      | Reached skill level 3 in Ranged Weapons
   503 | D:1      | Reached XP level 2. HP: 23/23 MP: 2/2
   682 | D:1      | 682 ||| UPGRADING to +0 leather armour.
   692 | D:1      | 692 ||| DROPPING +0 robe.
   693 | D:1      | 693 ||| UPGRADING to amulet of regeneration.
   698 | D:1      | 698 ||| READING scroll labelled EGIME KOMAGAYSEK.
   699 | D:1      | 699 ||| READING 3 scrolls labelled GULLIR MEIBYU.
   702 | D:1      | 702 ||| READING scroll labelled SOTIFU IG QES.
   703 | D:1      | 703 ||| READING scroll labelled SAYPIL ZITU.
   704 | D:1      | 704 ||| READING scroll labelled CERILE GOXTE.
   705 | D:1      | 705 ||| READING scroll labelled BEGIAG CUFE.
   706 | D:1      | 706 ||| DROPPING scroll of poison.
   878 | D:2      | Reached XP level 3. HP: 23/30 MP: 3/3
  1036 | D:2      | Reached skill level 4 in Ranged Weapons
  1211 | D:2      | Reached XP level 4. HP: 35/37 MP: 4/4
  1328 | D:2      | 1328 ||| UPGRADING to +0 cloak.
  1333 | D:2      | 1333 ||| READING scroll labelled AMAONO FAR QIYMUA.
  1859 | D:3      | 1859 ||| Stepping ~*~*~tactically~*~*~ (outnumbered).
  1869 | D:3      | Reached skill level 5 in Ranged Weapons
  2086 | D:3      | Reached skill level 3 in Fighting
  2190 | D:3      | 2190 ||| DRINKING 2 fizzy silvery potions.
  2212 | D:4      | 2212 ||| STAIRDANCE
  2215 | D:3      | Reached XP level 5. HP: 41/45 MP: 5/5
  2337 | D:4      | Found a staircase to the Ecumenical Temple.
  2338 | D:4      | 2338 ||| PLANNING TEMPLE
  2338 | D:4      | 2338 ||| UPGRADING to +6 ring of strength.
  2339 | D:4      | 2339 ||| READING scroll labelled KUDEYTTIUB.
  2346 | Temple   | Entered the Ecumenical Temple
  2413 | Temple   | 2413 ||| PLANNING OKAWARU WORSHIP
  2688 | Temple   | Became a worshipper of Warmaster Okawaru
  2689 | Temple   | 2689 ||| PLANNING D:1-11
  2860 | D:4      | Reached skill level 6 in Ranged Weapons
  3009 | D:4      | 3009 ||| UPGRADING to +1 ring mail of willpower.
  3019 | D:4      | 3019 ||| DROPPING +0 leather armour.
  3020 | D:4      | 3020 ||| UPGRADING to ring of protection from cold.
  3021 | D:4      | 3021 ||| READING scroll labelled NUGOESOMPO.
  3022 | D:4      | 3022 ||| READING scroll labelled NOMU UMU KEAXT.
  3023 | D:4      | 3023 ||| DRINKING 2 red potions.
  3065 | D:5      | Entered Level 5 of the Dungeon
  3114 | D:5      | Reached XP level 6. HP: 29/51 MP: 6/6
  3256 | D:5      | HP: 12/53 [orc wizard/+2 dagger of venom (3)]
  3257 | D:5      | 3257 ||| READING 2 scrolls of teleportation.
  3258 | D:5      | HP: 4/53 [orc wizard/+2 dagger of venom (3)]
  3259 | D:5      | HP: 1/53 [poisoned by an orc wizard]
  3260 | D:5      | Noticed an ice beast
  3260 | D:5      | Succumbed to an orc wizard's poison

Levels and vault maps discovered:
D:1:      dpeg_arrival_chambers_temple_mockup, layout_basic,
          ebering_ecumenical_altar_webs
D:2:      layout_loops_ring, minmay_pentomino_o4
D:3:      layout_loops_corners
D:4:      layout_rooms, minmay_temple_entry_nine_rooms,
          hangedman_decor_slide_cut
D:5:      layout_basic, serial_bayou_pond_a, due_unseen_surprise
Temple:   mainiacjoe_temple_circle_huts

Skill      XL: |  1  2  3  4  5  6 |
---------------+-------------------+-----
Ranged Weapons | 3 4 5 6 |  6.2
Fighting       | 2 3 4 |  4.3
Armour         | 2 |  2.2
Dodging        | |  2.1
Spellcasting   | |  1.0
Hexes          | |  2.0

Action                     |  1- 3 |  4- 6 || total
---------------------------+-------+-------++-------
   Fire: Sling             |    68 |   153 ||   221
    Use: Scroll            |     6 |     5 ||    11
         Potion            |       |     2 ||     2
 Armour: Leather armour    |     1 |    16 ||    17
         Ring mail         |       |     9 ||     9
  Dodge: Dodged            |    13 |    59 ||    72

Table legend:
 A = Non-vault XP
 B = Vault XP
 C = Vault XP percentage of total XP
 D = Non-vault monster count
 E = Vault monster count
 F = Vault count percentage of total count
                 A         B        C        D         E       F
            +---------+---------+-------+---------+---------+-------
      Total |     557 |      10 |   1.8 |      64 |       4 |   5.9
            +---------+---------+-------+---------+---------+-------
        D:1 |      13 |       0 |   0.0 |       9 |       0 |   0.0
        D:2 |      79 |      10 |  11.2 |      11 |       4 |  26.7
        D:3 |     105 |       0 |   0.0 |      16 |       0 |   0.0
        D:4 |     140 |       0 |   0.0 |      19 |       0 |   0.0
        D:5 |     220 |       0 |   0.0 |       9 |       0 |   0.0
            +---------+---------+-------+---------+---------+-------
